 Dungeon Crawl Stone Soup version 0.20.1-1-g8b1a95d (webtiles) character file.

296 tmwrnj the Chopper (level 6, -4/53 HPs)
             Began as a Hill Orc Fighter on Oct 1, 2017.
             Slain by a worker ant (6 damage)
             ... on level 3 of the Dungeon.
             The game lasted 00:05:45 (3378 turns).

tmwrnj the Chopper (Hill Orc Fighter)               Turns: 3378, Time: 00:05:46

Health: -4/53      AC:  7    Str: 21    XL:     6   Next: 35%
Magic:  6/6        EV:  7    Int:  8    God:
Gold:   136        SH:  9    Dex: 10    Spells: 5/5 levels left

rFire    . . .     SeeInvis .   a - +0 war axe
rCold    . . .     Gourm    .   c - +0 shield
rNeg     . . .     Faith    .   b - +0 scale mail
rPois    .         Spirit   .   (no helmet)
rElec    .         Reflect  .   (no cloak)
rCorr    .         Harm     .   (no gloves)
MR       .....                  (no boots)
Stlth    ..........             (no amulet)
Regen    0.2/turn               (no ring)
MPRegen  0.1/turn               (no ring)

@: lethally poisoned (-4 -> -11)
A: no striking features
a: no special abilities


You were on level 3 of the Dungeon.
You were hungry.

You visited 1 branch of the dungeon, and saw 4 of its levels.

You collected 136 gold pieces.

Inventory:

Hand Weapons
 a - a +0 war axe (weapon)
Armour
 b - a +0 scale mail (worn)
 c - a +0 shield (worn)
Jewellery
 i - an uncursed ring of protection from magic {unknown}
Wands
 u - a wand of random effects (17/48)
Scrolls
 h - a scroll of enchant armour {unknown}
 l - 4 scrolls of recharging {unknown}
 m - a scroll of teleportation {unknown}
 p - 3 scrolls of identify {unknown}
 s - a scroll of immolation {unknown}
 x - a scroll of amnesia {unknown}
Potions
 d - a potion of might
 e - a potion of degeneration {unknown}
 g - a potion of invisibility {unknown}
 j - a potion of berserk rage {unknown}
 k - 2 potions of mutation {unknown}
 o - a potion of lignification {unknown}
 q - 2 potions of ambrosia {unknown}
 t - a potion of haste {unknown}
 w - a potion of heal wounds {unknown}
Comestibles
 f - 5 bread rations
 n - a royal jelly
 r - 2 meat rations
 v - 3 fruits


   Skills:
 + Level 4.4 Fighting
 + Level 5.4 Axes
 + Level 4.6 Armour
 + Level 0.5 Dodging
 + Level 0.3 Stealth
 + Level 4.6 Shields


You had 5 spell levels left.
You didn't know any spells.

Dungeon Overview and Level Annotations

Branches:
Dungeon (4/15)
 Temple: D:4-7

Altars:

Annotations:
D:4 raph's ghost, amateur DDNe


Message History

You hit the worker ant.
The worker ant is almost dead.
* * * LOW HITPOINT WARNING * * *
You feel sick. You block the worker ant's attack. The worker ant bites you.
* * * LOW HITPOINT WARNING * * *
You hit the worker ant.
The worker ant is almost dead.
* * * LOW HITPOINT WARNING * * *
You feel sick. The worker ant barely misses you.
You block the worker ant's attack.
You barely miss the worker ant.
The worker ant is almost dead.
* * * LOW HITPOINT WARNING * * *
You feel sick.
The worker ant bites you but does no damage.
You closely miss the worker ant.
The worker ant is almost dead.
* * * LOW HITPOINT WARNING * * *
You feel sick. The worker ant bites you.
You die...

#..###.........#.###.#..#......
#.................##)##.#......
#.###)##.......................
#.# #..........................
#.# ####......#......#.........
#.# ###.........#............
#.# #...............#........
#.# #....#.....##.#.###....<.
#.# #....#..@a..#............
#.# #....#.)##...............
#.# ###..#..###.##...........
#.# #.....# #.##........#..
#.## ##...#.# #.รท).....(..##.
#..# ##..#.#.######........###
##.# #..........# #...........
#.# #.#......>.# #.......###.
##.####.#........# #.......#.##


You could see a worker ant.

Vanquished Creatures
  A howler monkey (D:2)
  A bullfrog skeleton (D:4)
  4 gnolls
  8 adders
  2 oozes (D:2)
  3 dart slugs
  2 worms
  2 leopard geckos
  7 orcs
  9 bats
  7 giant cockroaches
  8 goblins
  12 hobgoblins
  9 jackals
  5 frilled lizards
  8 kobolds
  5 rats
93 creatures vanquished.

Notes
Turn   | Place    | Note
-------+----------+-------------------------------------------
     0 | D:1      | tmwrnj the Hill Orc Fighter began the quest for the Orb.
     0 | D:1      | Reached XP level 1. HP: 19/19 MP: 1/1
   223 | D:1      | Reached skill level 3 in Axes
   223 | D:1      | Reached XP level 2. HP: 23/27 MP: 2/2
   535 | D:1      | Reached XP level 3. HP: 25/33 MP: 3/3
  1180 | D:2      | Reached XP level 4. HP: 30/40 MP: 4/4
  2019 | D:2      | Reached skill level 4 in Axes
  2190 | D:2      | Reached XP level 5. HP: 37/46 MP: 5/5
  2451 | D:2      | Reached skill level 5 in Axes
  2778 | D:3      | Reached XP level 6. HP: 33/52 MP: 6/6
  3332 | D:4      | Noticed raph's ghost (amateur DDNe)
  3378 | D:3      | HP: 2/53 [poisoned by a worker ant]
  3378 | D:3      | Slain by a worker ant

Skill      XL: |  1  2  3  4  5 |
---------------+----------------+-----
Axes           | 3 4 5 |  5.4
Fighting       | 4 |  4.4
Shields        | 4 |  4.6
Armour         | 4 |  4.6
Dodging        | |  0.5
Stealth        | |  0.3

Action                   |  1- 3 |  4- 6 || total
-------------------------+-------+-------++-------
Melee: War axe           |   115 |   231 ||   346
  Eat: Chunk             |     1 |     7 ||     8
Armor: Scale mail        |    59 |    94 ||   153
Dodge: Dodged            |    47 |    89 ||   136
Block: Shield            |    68 |   131 ||   199
